AoeStats
← YellowColourPlayer

Arena

508961691Analyzed
4v4 RM · 9d ago on Sep 24, 2026· 42m 11s· 8 players
Game mode
Random Map
Map size
Large (8 player)
Population
200
Speed
Normal
Resources
Standard
Victory
Conquest
Starting age
Dark Age
Ending age
Imperial Age
RankedLock teamsTeams togetherTeam positionsShared explorationLock speedFull tech treeHidden civsTurbo modeCheats
Victory
Defeat
🇷🇺 Celts · Russia
1240
+10
🇦🇷 Berbers · Argentina
1196
+12
🇦🇷 Persians · Argentina
1005
+19
🇷🇺 Khmer · Russia
897
+23
🇳🇴 Saxons · Norway
1120
-17
🇪🇨 Goths · Ecuador
1079
-16
🇪🇨 Franks · Ecuador
1075
-16
🇺🇸 Persians · United States
1069
-15
Chorpy
9:50 Feudal Age
10:07 Horse Collar
10:15 Double-Bit Axe
15:12 Castle Age
13:49 Gold Mining
18:45 Bow Saw
19:25 Heavy Plow
26:43 Wheelbarrow
25:54 Loom
27:57 Stone Mining
31:05 Imperial Age
28:54 Hand Cart
29:30 Gold Shaft Mining
29:52 Forging
29:47 Scale Barding Armor
30:22 Stone Shaft Mining
31:24 Iron Casting
30:51 Elite War Elephant
31:53 Conscription
32:39 Husbandry
32:50 Bloodlines
34:21 Blast Furnace
33:42 Chain Barding Armor
37:32 Plate Barding Armor
37:46 Murder Holes
38:05 Masonry
37:31 Cavalier
39:24 Devotion
39:45 Light Cavalry
YellowColourPlayer
10:15 Feudal Age
11:25 Loom
14:25 Castle Age
12:22 Horse Collar
12:39 Double-Bit Axe
18:24 Man-at-Arms
19:51 Fletching
27:35 Gold Mining
28:40 Sanctity
29:52 Clerical Recruitment
31:56 Wheelbarrow
36:07 Imperial Age
DobleP
10:14 Feudal Age
16:09 Castle Age
14:49 Double-Bit Axe
14:49 Horse Collar
15:00 Stone Mining
16:23 Loom
17:10 Gold Mining
23:03 Wheelbarrow
24:59 Bow Saw
24:39 Treadmill Crane
25:09 Heavy Plow
25:54 Ballistics
26:13 Elite Skirmisher
27:11 Fletching
27:23 Padded Archer Armor
27:54 Bodkin Arrow
29:39 Leather Archer Armor
33:02 Imperial Age
31:06 Forging
30:56 Scale Mail Armor
30:40 Pikeman
32:47 Scale Mail Armor
33:22 Iron Casting
33:18 Halberdier
34:16 Chain Mail Armor
34:26 Squires
36:04 Two-Man Saw
35:36 Crop Rotation
36:36 Blast Furnace
36:19 Hand Cart
38:01 Bracer
38:31 Ring Archer Armor
40:04 Conscription
39:45 Perfusion
41:58 Chemistry
Mashi
12:12 Feudal Age
10:29 Loom
12:43 Double-Bit Axe
15:53 Castle Age
17:51 Bow Saw
21:30 Wheelbarrow
20:41 Town Watch
23:36 Hand Cart
23:25 Town Patrol
24:15 Stone Mining
24:16 Gold Mining
25:58 Elite Skirmisher
27:02 Husbandry
26:22 Light Cavalry
29:11 Padded Archer Armor
29:02 Fletching
29:18 Scale Barding Armor
29:24 Forging
36:05 Imperial Age
34:10 Chain Barding Armor
34:26 Iron Casting
34:08 Leather Archer Armor
33:48 Bodkin Arrow
34:11 Fortified Wall
33:58 Murder Holes
34:15 Masonry
33:45 Treadmill Crane
36:11 Cavalier
39:09 Conscription
42:48 Plate Barding Armor
ROMA
10:26 Feudal Age
16:02 Castle Age
14:29 Horse Collar
14:37 Double-Bit Axe
16:59 Bow Saw
17:20 Heavy Plow
22:52 Loom
24:04 Wheelbarrow
27:47 Imperial Age
25:33 Scale Barding Armor
26:13 Hand Cart
25:46 Town Watch
27:25 Chain Barding Armor
27:16 Forging
27:24 Gold Mining
27:26 Stone Mining
27:30 Cavalier
28:22 Bloodlines
28:35 Husbandry
30:50 Iron Casting
30:52 Town Patrol
33:13 Plate Barding Armor
33:15 Gold Shaft Mining
33:18 Stone Shaft Mining
33:12 Masonry
34:23 Hoardings
35:58 Citadels
36:12 Fletching
37:37 Blast Furnace
38:26 Hoardings
37:42 Savar
38:47 Murder Holes
Wst2
11:10 Feudal Age
14:44 Castle Age
12:56 Double-Bit Axe
13:44 Horse Collar
16:28 Loom
17:25 Wheelbarrow
17:58 Bow Saw
23:33 Scale Barding Armor
25:18 Chain Barding Armor
25:09 Forging
25:47 Heavy Plow
28:54 Imperial Age
28:19 Gold Mining
29:41 Iron Casting
29:08 Husbandry
29:18 Bloodlines
29:48 Bloodlines
29:55 Town Watch
30:27 Hand Cart
33:30 Plate Barding Armor
33:56 Blast Furnace
33:47 Light Cavalry
37:18 Conscription
37:34 Elite Battle Elephant
Riky
12:25 Feudal Age
13:06 Double-Bit Axe
13:04 Horse Collar
13:26 Stone Mining
16:08 Castle Age
14:02 Stone Mining
14:07 Horse Collar
16:25 Loom
18:08 Wheelbarrow
17:45 Heavy Plow
17:57 Bow Saw
19:25 Gold Mining
23:33 Fletching
24:12 Bodkin Arrow
27:17 Ballistics
28:11 Bloodlines
28:02 Husbandry
32:59 Imperial Age
30:40 Padded Archer Armor
31:10 Kasbah
31:59 Gold Shaft Mining
32:01 Stone Shaft Mining
32:16 Leather Archer Armor
32:08 Scale Barding Armor
32:22 Thumb Ring
33:32 Hand Cart
33:02 Town Watch
33:39 Capped Ram
35:25 Chemistry
34:53 Conscription
34:38 Treadmill Crane
35:24 Bracer
34:48 Elite Camel Archer
36:45 Maghrebi Camels
36:36 Heavy Camel Rider
38:01 Chain Barding Armor
37:53 Forging
38:50 Crop Rotation
38:45 Siege Engineers
40:06 Fortified Wall
40:34 Ring Archer Armor
40:40 Plate Barding Armor
40:41 Iron Casting
40:51 Murder Holes
roman.gringo
10:04 Feudal Age
14:10 Castle Age
15:16 Gold Mining
15:14 Double-Bit Axe
27:48 Loom
29:02 Wheelbarrow
32:27 Ballistics
32:33 Bow Saw
32:57 Stone Mining
38:10 Scale Mail Armor
38:20 Forging
39:17 Gold Shaft Mining
38:35 Pikeman
42:17 Iron Casting
41:57 Chain Mail Armor
Connection lost

Rejoining the realm…

Still unreachable

The connection could not be restored.

Session expired

The server has moved on; the page needs a fresh start.